 Dungeon Crawl Stone Soup version 0.27.0-65-ge2af304b15 (webtiles) character file.

Game seed: 16502590224841549616

17365 Malachi the Grappler (level 12, -19/126 HPs)
             Began as a Troll Monk on Aug 19, 2021.
             Demolished by a death yak (21 damage)
             ... on level 3 of the Lair of Beasts.
             The game lasted 00:13:33 (11192 turns).

Malachi the Grappler (Troll Monk)                  Turns: 11192, Time: 00:13:34

Health: -19/126    AC:  7    Str: 26    XL:     12   Next: 18%
Magic:  11/11      EV: 13    Int:  6    God:
Gold:   715        SH:  5    Dex: 12    Spells: 11/11 levels left

rFire    + . .     SeeInvis .     - Unarmed
rCold    . . .     Faith    .   (no shield)
rNeg     . . .     Spirit   .   l - +0 steam dragon scales
rPois    .         Reflect  +   (helmet restricted)
rElec    .         Harm     .   (no cloak)
rCorr    +         Rampage  .   (gloves unavailable)
Will     .....                  (boots unavailable)
Stlth    ++........             e - amulet of reflection
HPRegen  1.31/turn              n - ring of resist corrosion
MPRegen  0.12/turn              p - ring of protection from fire

@: slowed, very slow
A: large, unfitting armour, claws 3, regeneration 1, shaggy fur 1, tough skin 1
a: no special abilities


You were on level 3 of the Lair of Beasts.
You visited 2 branches of the dungeon, and saw 11 of its levels.
You also visited: Sewer.

You collected 769 gold pieces.
You spent 54 gold pieces at shops.

Inventory:

Hand Weapons
 b - a +2 dagger of distortion
 c - a +3 whip of electrocution
Missiles
 q - a curare-tipped dart (quivered)
 r - 37 poisoned darts
Armour
 l - +0 steam dragon scales (worn)
Jewellery
 e - an amulet of reflection (around neck)
 i - an amulet of magic regeneration
 n - a ring of resist corrosion (left claw)
 p - a ring of protection from fire (right claw)
 z - a ring of fire
Wands
 d - a wand of digging (11)
 o - a wand of iceblast (9)
 w - a wand of paralysis (9)
Scrolls
 f - a scroll of amnesia
 h - 5 scrolls of teleportation
 k - 2 scrolls of magic mapping
 s - a scroll of identify
 u - a scroll of summoning
 y - a scroll of fog
 A - a scroll of blinking
Potions
 a - a potion of heal wounds
 g - 3 potions of magic
 j - a potion of cancellation
 m - a potion of brilliance
 t - a potion of experience {unknown}
 v - 2 potions of haste {unknown}
 x - 3 potions of degeneration {unknown}
 B - 2 potions of berserk rage {unknown}
 D - a potion of might {unknown}


   Skills:
 - Level 10.0 Fighting
 - Level 10.0 Dodging
 - Level 1.0 Stealth
 * Level 12.3 Unarmed Combat


You had 11 spell levels left.
You didn't know any spells.
Your spell library contained the following spells:

 Spells                   Type           Power      Damage    Failure   Level
 Ensorcelled Hibernation  Hex/Ice        0%         N/A       58%         2
 Spider Form              Tmut/Pois      0%         N/A       83%         3
 Fulminant Prism          Conj/Hex       0%         3d6       99%         4
 Iskenderun's Mystic Bla  Conj/Tloc      0%         2d3       99%         4
 Passage of Golubria      Tloc           N/A        N/A       99%         4
 Alistair's Intoxication  Tmut/Pois      0%         N/A       100%        5
 Borgnjor's Vile Clutch   Necr/Erth      0%         N/A       100%        5
 Fireball                 Conj/Fire      0%         3d3       100%        5
 Iskenderun's Battlesphe  Conj           0%         2d6       100%        5
 Lee's Rapid Deconstruct  Erth           0%         3d5*      100%        5
 Silence                  Hex/Air        0%         N/A       100%        5
 Conjure Ball Lightning   Conj/Air       0%         3x3d6     100%        6
 Eringya's Noxious Bog    Tmut/Pois      0%         N/A       100%        6
 Shadow Creatures         Summ           N/A        N/A       100%        6
 Orb of Destruction       Conj           0%         N/A       100%        7
 Lehudib's Crystal Spear  Conj/Erth      0%         10d2      100%        8


Dungeon Overview and Level Annotations

Branches:
Dungeon (8/15)             Temple (0/1) D:5            Lair (3/6) D:8
  Snake (0/4) Lair:3        Sewer (visited)
  Swamp: Lair:2-4    Shoals: Lair:2-4

Altars:
Ashenzari
Cheibriados
Gozag
Hepliaklqana
Kikubaaqudgha
Nemelex Xobeh
Okawaru
Wu Jian
Xom
The Shining One

Shops:
D:4 [   D:6 *


Innate Abilities, Weirdness & Mutations

You are too large for most types of armour.
You have claws for hands.
Your natural rate of healing is unusually fast.
You are covered in fur. (AC +1)
You have tough skin. (AC +1)


Message History

You block the death yak's attack. The death yak barely misses you.
You mangle the death yak!!
The death yak is heavily wounded.
The death yak completely misses the fungus.
You claw the death yak!
The death yak is lightly wounded.
The death yak gores the fungus!!
The fungus begins to die.
The death yak gores you!
You mangle the death yak!!
The death yak is moderately wounded.
The death yak barely misses you.
You mangle the death yak!! You claw the death yak!
The death yak is severely wounded.
The death yak gores you!!
You claw the death yak! You claw the death yak.
You kill the death yak!
The death yak gores you!!
You scratch the death yak. You claw the death yak!!
The death yak is moderately wounded.
A nearby fungus withers and dies.
The death yak gores you.
You scratch the death yak but do no damage.
The death yak is moderately wounded.
The death yak gores you!!
You scratch the death yak but do no damage.
You claw the death yak.
The death yak is moderately wounded.
You block the death yak's attack.
You scratch the death yak but do no damage.
The death yak is moderately wounded.
The death yak gores you!!
You barely miss the death yak.
The death yak is moderately wounded.
The death yak gores you!!
* * * LOW HITPOINT WARNING * * *
You claw the death yak!
The death yak is moderately wounded.
The death yak gores you!
* * * LOW HITPOINT WARNING * * *
The death yak gores you!!
You die...

...>.. #
#....#.
#...#.#
#.....##
#P...#
#..#
#..##
##.Y##
....P.#
#.#@#
......
#.###
....P #.#
#.#.##
##<#
.....
#..#
##..#
##(##
#...#
#####..#
#.<.#
##.##..##
##†.##
#......#


You could see a death yak.

Vanquished Creatures
  A hydra (Lair:3)
  A death yak (Lair:3)
  The ghost of Caczuus the Covert, a novice SpEE of Ashenzari (Lair:1)
  A guardian serpent (Lair:3)
  A black mamba (Lair:3)
  5 cane toads
  9 rime drakes
  4 komodo dragons
  A polar bear (Lair:2)
  14 yaks
  2 basilisks
  2 wyverns (D:8)
  11 steam dragons
  An acid dragon (Lair:3)
  10 water moccasins
  An orc warrior (D:8)
  2 ice beasts (D:8)
  A sky beast (D:5)
  4 ogres
  17 wolves
  3 centaurs
  3 phantoms
  5 kobold brigands
  8 bullfrogs
  A wyvern zombie (D:7)
  3 scorpions
  3 water moccasin zombies
  A howler monkey (D:5)
  A centaur zombie (D:7)
  A hound (D:4)
  2 bullfrog zombies
  2 jellies
  2 orc priests
  4 bullfrog skeletons
  4 iguanas
  3 orc wizards
  2 killer bee zombies
  A howler monkey zombie (D:8)
  3 gnolls (D:2)
  5 adders
  3 river rats (Sewer)
  A shadow imp (D:7)
  3 white imps
  An adder skeleton (D:4)
  6 worms
  A dart slug (D:3)
  18 orcs
  7 bats
  12 endoplasms
  6 giant cockroaches
  9 goblins
  6 hobgoblins
  2 jackals (D:3)
  3 quokkas
  7 ball pythons
  7 frilled lizards
  33 kobolds
  9 rats
280 creatures vanquished.

Vanquished Creatures (others)
  13 fungi
  39 plants
52 creatures vanquished.

Grand Total: 332 creatures vanquished

Notes
Turn   | Place    | Note
-------+----------+-------------------------------------------
     0 | D:1      | Malachi the Troll Monk began the quest for the Orb.
     0 | D:1      | Reached XP level 1. HP: 22/22 MP: 0/0
   122 | D:1      | Reached XP level 2. HP: 29/29 MP: 1/1
   337 | D:1      | Reached skill level 4 in Unarmed Combat
   414 | D:1      | Reached XP level 3. HP: 36/36 MP: 2/2
   984 | D:2      | Reached XP level 4. HP: 44/44 MP: 3/3
  1002 | D:2      | Reached skill level 5 in Unarmed Combat
  1014 | D:2      | Found a faded altar of an unknown god.
  1147 | D:2      | You fall into a shaft and drop 2 floors!
  1205 | D:4      | Noticed a scorpion
  1280 | D:3      | Found a broken altar of Ashenzari.
  1322 | D:3      | Found an iron altar of Okawaru.
  1461 | D:3      | Noticed a bullfrog
  1467 | D:3      | Killed a bullfrog
  1468 | D:3      | Reached skill level 6 in Unarmed Combat
  1468 | D:3      | Reached XP level 5. HP: 33/50 MP: 4/4
  2176 | D:4      | Found a snail-covered altar of Cheibriados.
  2187 | D:4      | Noticed an ogre
  2205 | D:4      | Killed an ogre
  2206 | D:4      | Reached XP level 6. HP: 36/59 MP: 5/5
  2215 | D:4      | Reached skill level 7 in Unarmed Combat
  2456 | D:4      | Reached skill level 8 in Unarmed Combat
  2717 | D:4      | Reached XP level 7. HP: 66/66 MP: 6/6
  2759 | D:4      | Found Jaic's Antique Armour Emporium.
  3379 | D:5      | Entered Level 5 of the Dungeon
  3381 | D:5      | Found a glowing golden altar of the Shining One.
  3466 | D:5      | Reached skill level 9 in Unarmed Combat
  3593 | D:5      | Found a hazy altar of Hepliaklqana.
  3596 | D:5      | Found an ornate altar of the Wu Jian Council.
  3600 | D:5      | Found a sparkling altar of Nemelex Xobeh.
  3777 | D:5      | Reached XP level 8. HP: 70/74 MP: 7/7
  4038 | D:5      | Reached skill level 10 in Unarmed Combat
  4086 | D:5      | Found a staircase to the Ecumenical Temple.
  4139 | D:6      | Found a shimmering altar of Xom.
  4200 | D:6      | Found a glowing drain.
  4209 | Sewer    | Entered a sewer
  4593 | D:6      | Reached skill level 5 in Fighting
  4816 | D:6      | Found Hitwytsa's Assorted Antiques.
  4842 | D:6      | Bought a scroll labelled PAOLOA EFEWN for 27 gold pieces
  4842 | D:6      | Bought a scroll labelled VUOTZI TOJOUTY for 27 gold pieces
  5080 | D:6      | Reached XP level 9. HP: 87/89 MP: 8/8
  5741 | D:7      | Found an opulent altar of Gozag.
  6419 | D:8      | Reached XP level 10. HP: 105/107 MP: 9/9
  6423 | D:8      | Found a staircase to the Lair.
  6990 | D:8      | Found an ancient bone altar of Kikubaaqudgha.
  7578 | Lair:1   | Entered Level 1 of the Lair of Beasts
  7587 | Lair:1   | Reached skill level 10 in Fighting
  7764 | Lair:1   | Noticed a cane toad
  7766 | Lair:1   | Noticed a cane toad
  7772 | Lair:1   | Killed a cane toad
  7774 | Lair:1   | Killed a cane toad
  8124 | Lair:1   | Noticed a cane toad
  8139 | Lair:1   | Killed a cane toad
  8140 | Lair:1   | Reached skill level 5 in Dodging
  8140 | Lair:1   | Reached skill level 11 in Unarmed Combat
  8309 | Lair:1   | Found a runed translucent door.
  8309 | Lair:1   | Noticed Caczuus's ghost (novice SpEE)
  8316 | Lair:1   | Noticed a cane toad
  8330 | Lair:1   | Killed a cane toad
  8885 | Lair:1   | Killed Caczuus's ghost
  8886 | Lair:1   | Reached XP level 11. HP: 87/117 MP: 10/10
  9428 | Lair:2   | Reached skill level 12 in Unarmed Combat
 10325 | Lair:3   | Noticed an eight-headed hydra
 10332 | Lair:3   | Killed a nine-headed hydra
 10835 | Lair:3   | Reached XP level 12. HP: 111/126 MP: 11/11
 11141 | Lair:3   | Found a staircase to the Snake Pit.
 11152 | Lair:3   | Reached skill level 10 in Dodging
 11169 | Lair:3   | Noticed a death yak
 11176 | Lair:3   | Noticed a death yak
 11178 | Lair:3   | Noticed a death yak
 11186 | Lair:3   | Killed a death yak
 11192 | Lair:3   | HP: 2/126 [death yak (16)]
 11192 | Lair:3   | Demolished by a death yak

Illustrated notes

Levels and vault maps discovered:
D:1:      minmay_arrival_loop, layout_basic, minmay_pentomino_z2
D:2:      minmay_chambers_of_twos, layout_basic, ebering_ecumenical_altar_hall
D:3:      layout_basic, lemuel_crystal_altar, lemuel_crystal_altar,
          corner_web_ring
D:4:      kennysheep_kobold_camp, layout_basic, slow_altar_1, serial_shops,
          nicolae_shop_waterfront, grunt_ministairs_13
D:5:      layout_loops_cross, nicolae_overflow_hidden_temple,
          amcnicky_altar_gilded, minmay_temple_entry_poolview
D:6:      layout_basic, mainiacjoe_overflow_chevrons,
          cheibrodos_sewer_entry_drain, serial_shops, shop_statue
D:7:      layout_basic, mainiacjoe_overflow_alcove_4
D:8:      layout_loops_corners, lemuel_doored_altar, minmay_lair_entry_grove
Lair:1:   layout_regular_city, gammafunk_ghost_grave, beast_lair_carwin_4,
          grunt_megastairs_5
Lair:2:   layout_loops_ring
Lair:3:   layout_loops_ring, minmay_snake_entry_spellcaster,
          bobbens_dragon_lair_wall

Skill      XL: |  1  2  3  4  5  6  7  8  9 10 11 12 |
---------------+-------------------------------------+-----
Unarmed Combat | 4 6 8 9 10 11 12 | 12.3
Fighting       | 6 9 10 | 10.0
Dodging        | 5 9 10 | 10.0
Stealth        | |  1.0

Action                   |  1- 3 |  4- 6 |  7- 9 | 10-12 || total
-------------------------+-------+-------+-------+-------++-------
Melee: Unarmed           |    77 |   171 |   271 |   378 ||   897
       Punch             |     1 |     2 |    12 |    25 ||    40
Evoke: Wand              |       |       |       |     6 ||     6
  Use: Scroll            |       |     8 |     6 |     2 ||    16
       Potion            |       |       |     2 |     2 ||     4
 Stab: Sleeping          |     4 |     3 |       |     1 ||     8
Armor: Robe              |    18 |    42 |    37 |    51 ||   148
       Skin              |       |       |     2 |       ||     2
       Steam dragon scal |       |       |       |     6 ||     6
Dodge: Dodged            |    33 |    85 |    93 |   158 ||   369
Block: Other             |    12 |    37 |    39 |    70 ||   158
       Reflection        |     2 |       |     1 |       ||     3
